 Dungeon Crawl Stone Soup version 0.16.2-12-gd0ad4c3 (webtiles) character file.

14 Seneschal the Insei (level 2, -2/18 HPs)
             Began as an Octopode Transmuter on Sept 24, 2015.
             Slain by an adder (3 damage)
             ... on level 2 of the Dungeon.
             The game lasted 00:02:26 (863 turns).

Seneschal the Insei (Octopode Transmuter)            Turns: 863, Time: 00:02:26

Health: -2/18      AC:  1    Str:  9    XL:     2   Next: 45%
Magic:  2/4        EV: 12    Int: 15    God:
Gold:   34         SH:  0    Dex: 12    Spells: 1 memorised, 4 levels left

rFire  . . .     SeeInvis .       - Unarmed
rCold  . . .     Clarity  .     (no shield)
rNeg   . . .     SustAb   .     (helmet restricted)
rPois  .         Gourm    .     (no amulet)
rElec  .         Spirit   .     (no ring)
rCorr  .         Warding  .     (no ring)
rMut   .         Stasis   .     (no ring)
MR     .....                    (no ring)
Stlth  ++........               (no ring)
                                (no ring)
                                (no ring)
                                (no ring)

@: lethally poisoned (-2 -> -11), appendage, very slightly contaminated, not
resistant to hostile enchantments, unstealthy
A: almost no armour, amphibious, 8 rings, constrict 8, tentacle spike 3,
camouflage 1, gelatinous body 1
a: End Transformation


You were on level 2 of the Dungeon.
You were not hungry.
One of your tentacles had a temporary spike.
You visited 1 branch of the dungeon, and saw 2 of its levels.

You collected 34 gold pieces.

Inventory:

Missiles
 b - 12 arrows
Scrolls
 h - 2 scrolls of immolation {unknown}
 j - a scroll of teleportation {unknown}
Books
 d - a book of Changes

   Spells                             Type                      Level
   a - Beastly Appendage              Transmutation                1
   b - Sticks to Snakes               Transmutation                2
   c - Spider Form                    Transmutation/Poison         3
   d - Ice Form                       Ice/Transmutation            4
   e - Blade Hands                    Transmutation                5
Comestibles
 a - a bread ration
 g - a slice of pizza
 i - a meat ration


   Skills:
 + Level 1.0 Fighting
 + Level 2.1 Dodging
 + Level 3.5 Unarmed Combat
 * Level 2.1 Spellcasting
 * Level 2.0 Transmutations


You had 4 spell levels left.
You knew the following spells:

 Your Spells              Type           Power        Failure   Level  Hunger
a - Beastly Appendage     Trmt           #.....       12%         1    #......


Dungeon Overview and Level Annotations

Branches:
Dungeon (2/15)

Altars:


Innate Abilities, Weirdness & Mutations

You cannot wear most types of armour.
You are amphibious.
You can wear up to eight rings at the same time.
You can use your tentacles to constrict many enemies at once.
Your skin changes colour to match your surroundings (Stealth).
Your rubbery body absorbs attacks (AC +1).
One of your tentacles bears a large vicious spike.


Message History

You tentacle-slap the adder.
The adder is moderately wounded.
You constrict the adder.
You feel sick. The rat misses you. The adder bites you.
* * * LOW HITPOINT WARNING * * *
Unknown command.
Read which item? (? for menu, Esc to quit)
As you read the scroll labeled BUFOLIOXIDGH, it crumbles to dust.
Forget which spell ([?*] list [ESC] exit)?
Forget which spell ([?*] list [ESC] exit)?
Okay, then.
It was a scroll of amnesia.
You constrict the adder.
* * * LOW HITPOINT WARNING * * *
You feel sick. The adder barely misses you. The rat barely misses you.
Read which item? (? for menu, Esc to quit)
As you read the scroll labeled SUELUASIRRE, it crumbles to dust.
The scroll dissolves into smoke.
It was a scroll of fog.
You constrict the adder. The adder closely misses you.
The rat closely misses you. The adder bites you.
You die...

.###. ###......
........# #####
####..#.....
#.....#####.......#
.......#.....#.####
.......§§w...#.#
......§§§§#####w#
.# ......§S@##
##.#####.###
......§r§#
##.....#.....
......§§#
##............
.......##
#.............
..(....
#$............
).....
#....<..$.....
.....
#........>.... ....
#..........$.. .
##...........


You could see a worm, an adder and a rat.

Vanquished Creatures
  A giant cockroach (D:1)
  2 hobgoblins (D:1)
  5 kobolds (D:1)
  A ball python (D:1)
  2 bats (D:1)
  2 goblins (D:1)
  2 rats (D:1)
15 creatures vanquished.

Notes
Turn   | Place    | Note
--------------------------------------------------------------
     0 | D:1      | Seneschal, the Octopode Transmuter, began the quest for the Orb.
     0 | D:1      | Reached XP level 1. HP: 13/13 MP: 3/3
   276 | D:1      | Reached XP level 2. HP: 13/18 MP: 4/4
   863 | D:2      | Slain by an adder

Action                   || total
-------------------------++-------
Melee: Unarmed           ||    38
 Cast: Beastly Appendage ||     5
  Use: Scroll            ||     2
       Potion            ||     1
 Stab: Sleeping          ||     3
